Map: Oxide LE

Players

Kelazhur

  • Race: Terran Terran
  • Spawn Location: 7:00

TLHarstem (Harstem) - Winner!

  • Race: Protoss Protoss
  • League: Master
  • Spawn Location: 1:00

Event: StayAtHome Story Cup #3

VOD

Have the link to the VOD?

Description

Time

  • Played on: March 11, 2021, 8:09 a.m.
  • Length: 21:13

All games in this series

Show
View Real Time Build Order
Export as new Build Order

Kelazhur Terran 

Build Orders: Reaper Expand 

Get SALT Encoding   

  12  0:00  SCV  
  13  0:12  SCV  
  14  0:17  Supply Depot  
  14  0:24  SCV  
  15  0:38  SCV  
  15  0:39  Barracks  
  15  0:42  Refinery  
  16  0:50  SCV  
  17  1:02  SCV  
  18  1:14  SCV  
  19  1:26  Reaper  
  19  1:27  Orbital Command  
  20  1:39  Command Center  
  20  1:52  Supply Depot  
  20  1:53  SCV  
  22  2:01  Barracks Tech Lab  
  22  2:05  SCV  
  22  2:11  Barracks  
  22  2:17  SCV  
  22  2:20  Concussive Shells  
  22  2:21  Marauder  
  25  2:29  SCV  
  26  2:35  Refinery  
  26  2:42  Marauder  
  26  2:43  SCV  
  29  2:48  Factory  
  29  2:55  SCV, Orbital Command  
  30  3:06  Marine  
  30  3:08  Barracks Reactor, SCV  
  32  3:20  SCV  
  32  3:21  SCV  
  32  3:24  Marine  
  32  3:25  Supply Depot  
  35  3:33  SCV x2  
  37  3:39  Starport, Bunker  
  39  3:42  Marine  
  39  3:43  Factory Reactor  
  39  3:45  SCV, Marine x2  
  41  3:51  SCV  
  41  3:53  Stimpack  
  41  3:57  SCV  
  41  4:00  Marine  
  43  4:03  SCV, Marine  
  43  4:05  Marine, Supply Depot  
  43  4:09  SCV  
  47  4:10  Engineering Bay  
  47  4:16  SCV  
  48  4:18  Medivac  
  48  4:22  Widow Mine x2  
  54  4:27  SCV  
  54  4:28  SCV  
  54  4:29  Bunker, Marine x3  
  54  4:30  Supply Depot  
  59  4:39  SCV  
  59  4:40  Terran Infantry Weapons Level 1  
  59  4:41  SCV  
  61  4:47  Marine  
  61  4:51  SCV, Marine x2  
  56  5:03  SCV  
  56  5:05  Marine  
  56  5:08  SCV  
  56  5:09  Marine x2, Missile Turret  
  58  5:22  SCV, Marine  
  58  5:25  Missile Turret  
  58  5:27  Marine x2  
  62  5:32  SCV  
  61  5:44  Supply Depot  
  61  5:46  Supply Depot  
  61  5:47  Combat Shield  
  61  5:56  Factory Reactor  
  61  5:59  Supply Depot  
  61  6:03  Command Center  
  61  6:05  Marine  
  61  6:08  SCV x2, Marine x2, Medivac  
  68  6:15  Medivac  
  68  6:16  Supply Depot  
  70  6:23  Marine  
  71  6:25  Marine  
  71  6:28  SCV x2  
  71  6:29  Refinery, Marine  
  71  6:30  Refinery  
  77  6:33  Widow Mine  
  77  6:37  Widow Mine  
  79  6:40  SCV  
  79  6:42  Marauder  
  82  6:48  Marine x2  
  82  6:49  SCV  
  82  6:52  SCV  
  86  7:05  Terran Infantry Armor Level 1  
  86  7:06  Barracks  
  86  7:08  Barracks, Engineering Bay  
  86  7:09  Armory  
  86  7:10  Barracks, Supply Depot  
  86  7:15  SCV x2  
  79  7:31  Marauder, Marine x2  
  79  7:32  Orbital Command  
  79  7:33  Widow Mine x2, Medivac x2  
  90  7:37  SCV  
  90  7:40  Supply Depot  
  90  7:43  Supply Depot  
  90  7:46  SCV  
  90  7:49  SCV, Marine x2  
  94  7:53  Marauder  
  94  7:54  Orbital Command  
  94  7:55  Widow Mine x2  
  100  8:01  Barracks Reactor, Barracks Tech Lab x2  
  100  8:03  Terran Infantry Weapons Level 2  
  101  8:05  SCV  
  101  8:10  Marine x2  
  101  8:11  SCV  
  104  8:17  SCV  
  104  8:18  Marauder  
  104  8:19  SCV  
  108  8:23  SCV  
  109  8:27  Bunker  
  109  8:29  SCV, Marauder, Marine x2  
  109  8:30  Marauder  
  109  8:32  SCV  
  117  8:39  Marine x2  
  119  8:41  Missile Turret  
  119  8:42  SCV x2  
  119  8:43  Missile Turret, Supply Depot  
  119  8:44  SCV, Marauder  
  119  8:45  Supply Depot  
  124  8:55  Widow Mine x2, Marauder x2, Marine  
  133  8:56  Missile Turret  
  133  9:05  SCV, Marauder, Marine  
  133  9:07  Marine x2  
  139  9:16  Marauder, Missile Turret  
  141  9:21  Marauder, Marine  
  141  9:23  Marine  
  145  9:24  Refinery  
  145  9:25  Refinery, Terran Infantry Armor Level 2  
  145  9:26  Marine, Ghost Academy  
  145  9:27  Marine  
  147  9:33  Marauder  
  149  9:43  Supply Depot  
  149  9:44  Supply Depot  
  150  9:45  Marauder  
  150  9:46  Supply Depot  
  150  9:48  Widow Mine x2  
  150  9:50  Medivac x2  
  157  9:56  Enhanced Shockwaves  
  157  10:05  SCV x3, Marine x4  
  157  10:06  Marauder  
  166  10:17  Marauder x2  
  166  10:21  Terran Infantry Weapons Level 3  
  170  10:22  Marine x2  
  170  10:26  Marine x2  
  176  10:41  Marine x2  
  180  10:56  Unknown  
  180  11:04  Terran Ship Weapons Level 1, Supply Depot  
  180  11:07  Unknown  
  180  11:09  Unknown  
  180  11:10  Marine  
  181  11:12  Marine x2  
  181  11:16  Marine  
  180  11:23  Medivac x2  
  184  11:26  Command Center  
  184  11:28  Barracks  
  184  11:29  Starport  
  184  11:30  Barracks  
  184  11:34  Factory Reactor  
  184  11:35  Marine  
  184  11:36  Marine  
  184  11:42  Unknown  
  184  11:45  Unknown x2, Marine x2  
  188  11:53  Viking x2  
  190  11:57  Missile Turret  
  190  11:58  Missile Turret  
  190  11:59  Terran Infantry Armor Level 3  
  190  12:02  Marine x2  
  190  12:05  Marauder, Marine x2  
  192  12:13  Unknown, Marine  
  192  12:15  Unknown  
  193  12:21  Viking x2  
  197  12:38  Marine x3  
  197  12:39  Marine  
  197  12:40  Marauder x3  
  197  12:42  Viking  
  200  12:55  Sensor Tower  
  200  12:58  Marine  
  199  13:01  SCV x2  
  199  13:02  SCV, Missile Turret  
  200  13:11  Marauder x2  
  197  13:22  Marauder  
  197  13:24  Marine  
  181  13:29  Viking  
  181  13:30  Viking x2  
  181  13:31  SCV x2  
  181  13:32  Marauder x2, Marine x2  
  167  13:41  Viking  
  167  13:44  Marauder  
  159  13:50  Marine  
  159  13:54  Marauder x2  
  138  13:59  Viking  
  138  14:00  Marine x2  
  138  14:01  Marine  
  120  14:05  Marauder  
  120  14:08  Marine  
  123  14:15  Marauder  
  124  14:17  Marine  
  124  14:18  Marauder  
  124  14:19  Marine  
  124  14:20  Marine x3  
  129  14:24  SCV x3  
  129  14:26  Marine x2  
  134  14:32  Liberator x2  
  134  14:35  Marine  
  134  14:36  SCV, Marauder  
  134  14:37  Marine x3  
  147  14:39  Marauder  
  147  14:45  Marauder, Marine  
  138  14:46  Marine  
  133  14:56  Medivac  
  133  14:57  Marine x2, Medivac  
  133  14:58  Marauder  
  133  14:59  Marine  
  136  15:01  Marauder  
  136  15:06  Marine  
  136  15:07  Marauder  
  141  15:10  Marine  
  141  15:12  Marine  
  143  15:15  Marine  
  143  15:19  Marauder, Medivac  
  148  15:22  Marauder  
  148  15:25  Marine  
  148  15:27  Marine  
  148  15:28  Marauder  
  149  15:30  Marine  
  149  15:31  Orbital Command  
  138  15:40  Marauder  
  125  15:43  Marauder  
  125  15:47  Marine x2  
  125  15:48  Marine  
  125  15:49  Marauder  
  123  15:51  Marine  
  122  16:02  Marauder  
  118  16:05  Marauder  
  118  16:08  Marine  
  118  16:10  Marine x2  
  118  16:11  Marauder, Marine x3  
  127  16:25  Marine, Medivac  
  127  16:27  Marine  
  127  16:31  Marine  
  127  16:32  Barracks Tech Lab, Marine x2  
  136  16:46  Marine  
  136  16:51  Unknown  
  132  16:54  Unknown  
  132  16:55  Marauder, Marine  
  132  16:57  Marine  
  132  16:58  Marine x2  
  132  17:00  Unknown  
  132  17:01  Marauder  
  142  17:03  Marine  
  142  17:04  Liberator x3, Command Center  
  142  17:06  SCV  
  142  17:07  SCV x2  
  152  17:13  Marine  
  153  17:16  Marauder  
  153  17:18  SCV  
  153  17:20  Unknown, Viking  
  153  17:22  Marauder x2  
  155  17:23  Unknown  
  155  17:25  Marine  
  147  17:34  Marauder  
  129  17:38  Marauder  
  129  17:42  Marine  
  129  17:43  Marauder, Marine  
  125  17:45  Marine  
  125  17:47  Marine, Medivac, Viking x2  
  125  17:50  Medivac  
  139  17:59  Marine  
  140  18:08  Bunker  
  140  18:22  Marauder x2, Marine  
  140  18:26  Unknown x2  
  145  18:30  Missile Turret  
  142  18:38  Marauder, Marine  
  142  18:39  Marine x3  
  142  18:41  Marine  
  146  18:43  Marauder  
  142  18:57  Marauder  
  141  19:05  Planetary Fortress  
  141  19:09  Marauder  
  143  19:11  Marauder x2, Marine x5  
  143  19:12  Viking  
  143  19:13  Viking  
  156  19:18  Marine  
  155  19:26  Viking x2  
  153  19:42  Marauder, Viking  
  153  19:43  Marauder x2  
  149  19:46  Viking  
  149  19:47  Orbital Command  
  149  19:48  Marine  
  149  19:49  Marauder  
  151  19:57  Marine  
  152  20:03  Marauder  
  152  20:04  Marauder  
  153  20:10  Marauder  
  153  20:11  Viking  
  128  20:30  Marauder  
  128  20:31  Marine  
  128  20:32  Marine  
  128  20:33  Marauder, Marine x5  
  109  20:48  Marine  
  102  20:51  Marauder  
  108  20:57  Missile Turret  
Show
View Real Time Build Order
Export as new Build Order

TLHarstem Protoss - Winner!

Build Orders: 1 Gate Expand, Zealot Archon, Dark Templar Rush 

Get SALT Encoding   

  12  0:00  Probe  
  13  0:12  Probe  
  14  0:17  Pylon  
  14  0:24  Probe  
  15  0:36  Gateway  
  15  0:37  Probe (Chrono Boost)  
  16  0:47  Probe (Chrono Boost)  
  16  0:49  Assimilator  
  17  0:52  Probe (Chrono Boost)  
  18  1:03  Probe  
  19  1:15  Probe  
  20  1:23  Cybernetics Core  
  20  1:33  Nexus  
  20  1:40  Pylon  
  20  1:42  Probe  
  21  1:52  Assimilator  
  21  1:54  Probe  
  21  1:56  Adept (Chrono Boost)  
  21  2:00  Warp Gate  
  24  2:07  Probe  
  25  2:19  Probe  
  26  2:29  Twilight Council  
  26  2:31  Probe  
  27  2:37  Stalker  
  30  2:46  Probe (Chrono Boost)  
  30  2:47  Probe (Chrono Boost)  
  31  2:54  Robotics Facility  
  31  2:55  Probe (Chrono Boost)  
  31  2:58  Probe (Chrono Boost)  
  32  3:00  Probe (Chrono Boost)  
  33  3:07  Probe  
  33  3:11  Shield Battery  
  35  3:13  Gateway  
  35  3:19  Probe  
  36  3:21  Dark Shrine  
  36  3:22  Probe  
  36  3:31  Probe  
  37  3:34  Probe  
  37  3:36  Gateway  
  38  3:43  Probe, Warp Prism (Chrono Boost)  
  41  3:48  Probe  
  41  3:52  Pylon  
  42  3:55  Probe  
  42  3:57  Assimilator  
  42  4:00  Probe  
  44  4:08  Probe  
  44  4:09  Pylon  
  46  4:19  Nexus  
  46  4:21  Probe  
  46  4:33  Probe, Dark Templar x2  
  46  4:34  Dark Templar  
  53  4:38  Pylon  
  53  4:40  Probe  
  53  4:44  Pylon  
  54  4:50  Probe  
  55  5:00  Blink (Chrono Boost)  
  55  5:04  Probe  
  55  5:06  Probe  
  57  5:09  Forge  
  57  5:16  Probe  
  57  5:18  Probe  
  59  5:21  Stalker x3  
  59  5:28  Probe  
  64  5:33  Probe  
  64  5:34  Probe  
  66  5:39  Gateway x2  
  66  5:40  Protoss Ground Weapons Level 1 (Chrono Boost)  
  66  5:42  Probe  
  65  5:45  Photon Cannon  
  65  5:48  Dark Templar  
  65  5:49  Archon  
  67  5:51  Dark Templar  
  67  5:55  Stalker x2  
  67  5:56  Shield Battery  
  67  5:57  Probe  
  72  5:58  Observer  
  72  5:59  Probe  
  72  6:02  Probe  
  75  6:04  Pylon  
  75  6:09  Probe  
  77  6:11  Probe  
  77  6:14  Probe  
  78  6:20  Stalker, Sentry  
  78  6:21  Probe  
  78  6:23  Probe, Pylon, Stalker  
  78  6:24  Pylon  
  86  6:26  Probe  
  86  6:31  Pylon  
  87  6:33  Probe  
  87  6:35  Probe  
  87  6:37  Gateway  
  87  6:38  Probe  
  90  6:40  Gateway  
  90  6:43  Charge (Chrono Boost)  
  90  6:44  Zealot x2, Stalker  
  90  6:45  Zealot  
  98  6:51  Stalker  
  100  6:54  Probe  
  100  7:00  Probe  
  102  7:01  Probe  
  102  7:03  Immortal  
  102  7:06  Assimilator  
  102  7:07  Probe  
  108  7:13  Assimilator  
  108  7:15  Photon Cannon, Zealot x4  
  116  7:19  Stalker  
  108  7:26  Probe  
  108  7:29  Observer  
  104  7:32  Stalker  
  104  7:36  Stalker x4  
  114  7:39  Probe  
  115  7:44  Probe x2  
  115  7:48  Pylon  
  117  7:51  Pylon  
  117  7:54  Pylon  
  117  7:59  Pylon  
  117  8:04  Protoss Ground Armor Level 1 (Chrono Boost)  
  117  8:06  Probe x2  
  117  8:07  Immortal  
  117  8:09  Probe  
  117  8:11  Observer  
  124  8:18  Probe, Assimilator  
  125  8:20  Robotics Bay  
  126  8:29  Zealot x4  
  126  8:30  Zealot x2  
  126  8:32  Probe (Chrono Boost)  
  136  8:35  Probe (Chrono Boost)  
  136  8:36  Robotics Facility  
  136  8:40  Zealot  
  139  8:43  Probe (Chrono Boost)  
  139  8:44  Probe (Chrono Boost)  
  139  8:47  Pylon  
  141  8:50  Forge  
  141  8:53  Probe, Pylon  
  142  9:02  Extended Thermal Lance (Chrono Boost)  
  142  9:13  Probe  
  142  9:15  Colossus (Chrono Boost), Photon Cannon  
  148  9:20  Protoss Ground Weapons Level 2 (Chrono Boost)  
  148  9:21  Nexus  
  154  9:34  Probe  
  154  9:35  Colossus (Chrono Boost)  
  155  9:38  Zealot  
  155  9:39  Zealot x2, Stalker  
  163  9:52  Colossus (Chrono Boost), Pylon  
  163  10:01  Probe  
  163  10:02  Templar Archives, Probe  
  161  10:09  Photon Cannon  
  161  10:10  Protoss Ground Armor Level 2 (Chrono Boost)  
  161  10:11  Zealot x2  
  165  10:14  Disruptor (Chrono Boost)  
  168  10:24  Sentry x2  
  168  10:25  Zealot  
  168  10:27  Pylon  
  173  10:29  Pylon  
  173  10:32  Probe  
  173  10:33  Pylon  
  174  10:35  Disruptor (Chrono Boost)  
  174  10:41  Photon Cannon  
  174  10:42  Pylon  
  176  10:48  Observer (Chrono Boost)  
  177  10:52  Zealot x5  
  177  10:53  Shield Battery  
  185  11:04  Stalker x2  
  185  11:06  Probe  
  185  11:09  Photon Cannon  
  185  11:10  Shield Battery  
  190  11:12  Pylon  
  190  11:15  Disruptor  
  193  11:20  Probe  
  194  11:27  Photon Cannon, Disruptor  
  194  11:30  Photon Cannon  
  197  11:41  Zealot  
  199  11:51  Observer  
  199  11:54  Zealot, Protoss Ground Weapons Level 3 (Chrono Boost)  
  200  11:59  Dark Shrine  
  198  12:14  Probe  
  198  12:15  Gateway  
  199  12:19  Observer  
  199  12:22  Gateway  
  199  12:23  Gateway  
  199  12:24  Probe, Nexus  
  199  12:25  Gateway  
  199  12:27  Pylon  
  197  12:30  Photon Cannon  
  197  12:31  Probe  
  197  12:32  Photon Cannon  
  197  12:34  Pylon  
  198  12:42  Zealot  
  200  12:50  Photon Cannon  
  198  12:52  Photon Cannon  
  198  12:53  Photon Cannon  
  198  12:54  Photon Cannon  
  198  12:57  Photon Cannon  
  198  12:58  Shield Battery  
  198  13:01  Protoss Ground Armor Level 3  
  198  13:02  Photon Cannon  
  193  13:09  Photon Cannon  
  182  13:14  Zealot  
  182  13:15  Zealot x5, Dark Templar  
  182  13:16  Zealot  
  170  13:30  Probe  
  170  13:31  Dark Templar  
  170  13:32  Zealot x2  
  163  13:39  Disruptor x2  
  164  13:42  Stalker x7  
  113  14:05  Stalker x5  
  113  14:06  Stalker x2  
  127  14:15  Probe, Disruptor x2  
  133  14:24  Nexus, Stalker x3  
  133  14:25  Stalker  
  133  14:30  Pylon  
  130  14:34  Stalker  
  130  14:35  Zealot x3  
  124  14:51  Disruptor x2  
  119  14:57  Zealot x5  
  121  15:04  High Templar x3  
  121  15:05  High Templar  
  121  15:06  Zealot, Sentry  
  133  15:11  Archon  
  133  15:12  Archon  
  133  15:14  Protoss Shields Level 1  
  133  15:16  Probe  
  133  15:19  Pylon  
  133  15:20  Photon Cannon  
  134  15:22  Zealot x2  
  134  15:27  Pylon  
  137  15:31  Zealot x4  
  121  15:47  Stalker x5  
  121  15:48  Colossus (Chrono Boost)  
  127  16:07  Zealot x3  
  127  16:08  Zealot x3  
  137  16:11  Stalker x2  
  137  16:15  Probe (Chrono Boost)  
  143  16:19  Zealot, Dark Templar  
  143  16:21  Probe (Chrono Boost)  
  147  16:31  Stalker x4  
  153  16:39  Stalker x2  
  153  16:40  Zealot  
  141  16:55  Colossus  
  141  16:57  Dark Templar  
  141  17:01  Dark Templar  
  151  17:04  Stalker x2  
  155  17:09  Zealot x2, Sentry  
  161  17:15  Nexus  
  157  17:27  Colossus (Chrono Boost)  
  154  17:36  Zealot x8  
  131  17:51  Colossus (Chrono Boost), Stalker x3  
  137  17:56  Sentry  
  137  17:57  Stalker  
  145  17:59  Dark Templar  
  147  18:13  Dark Templar  
  147  18:17  Stalker  
  147  18:18  Zealot, Stalker  
  155  18:22  Probe  
  155  18:26  Observer (Chrono Boost)  
  157  18:39  Disruptor  
  157  18:41  Zealot x6, Assimilator  
  164  18:45  Stalker  
  164  18:46  Stalker  
  167  18:56  Probe x2  
  167  18:57  Probe  
  167  18:58  Pylon  
  167  19:02  Assimilator x2  
  166  19:04  Assimilator  
  166  19:05  Zealot x3  
  166  19:06  Assimilator  
  166  19:09  Disruptor  
  175  19:12  Zealot, Assimilator  
  176  19:29  Stalker x4  
  172  19:47  Zealot x6, Stalker  
  186  19:59  Immortal  
  190  20:09  Zealot x3, Stalker x2  
  185  20:33  Zealot x3  
  185  20:34  Zealot x8  
  165  20:55  Stalker x9  
  165  20:56  Stalker x2  
Tags
 
Add a new tag
Caveats
  • Supply blocks, unpowered buildings, or Contaminate may cause inaccurate times.
  • Supply counts are checked every 10 seconds.